 Dungeon Crawl Stone Soup version 0.25-a0-578-gc91f01c39c (webtiles) character file.

Game seed: 17273256199968842040, levelgen mode: deterministic

401 Flugslaktarn the Chopper (level 6, 0/56 HPs)
             Began as a Minotaur Fighter on Mar 3, 2020.
             Slain by a gnoll
             ... wielding a +0 halberd
              (6 damage)
             ... on level 4 of the Dungeon.
             The game lasted 00:00:55 (2029 turns).

Flugslaktarn the Chopper (Minotaur Fighter)         Turns: 2029, Time: 00:00:56

Health: 0/56       AC:  9    Str: 22    XL:     6   Next: 54%
Magic:  5/5        EV:  6    Int:  5    God:
Gold:   123        SH: 10    Dex: 10    Spells: 5/5 levels left

rFire    . . .     SeeInvis .   a - +0 war axe
rCold    . . .     Gourm    .   c - +0 kite shield
rNeg     . . .     Faith    .   h - +0 chain mail
rPois    .         Spirit   .   (helmet restricted)
rElec    .         Reflect  .   (no cloak)
rCorr    .         Harm     .   (no gloves)
MR       .....                  (no boots)
Stlth    ..........             (no amulet)
HPRegen  0.18/turn              (no ring)
MPRegen  0.09/turn              (no ring)

@: no status effects
A: retaliatory headbutt, horns 2
a: no special abilities


You were on level 4 of the Dungeon.
You were not hungry.

You visited 1 branch of the dungeon, and saw 4 of its levels.

You collected 123 gold pieces.

Inventory:

Hand Weapons
 a - a +0 war axe (weapon)
Armour
 b - a +0 scale mail
 c - a +0 kite shield (worn)
 h - a +0 chain mail (worn)
   (You found it on level 1 of the Dungeon)
Jewellery
 k - an uncursed ring of wizardry {unknown}
   (You found it on level 2 of the Dungeon)
 q - an uncursed ring of fire {unknown}
   (You found it on level 3 of the Dungeon)
Wands
 j - a wand of iceblast (5)
   (You found it on level 2 of the Dungeon)
Scrolls
 f - a scroll of identify {unknown}
 g - 2 scrolls of amnesia {unknown}
 l - a scroll of enchant armour {unknown}
 n - 3 scrolls of remove curse {unknown}
 r - a scroll of fear {unknown}
 s - a scroll of noise {unknown}
 u - a scroll of teleportation {unknown}
Potions
 d - a potion of might
 i - a potion of resistance {unknown}
 m - 3 potions of brilliance {unknown}
 p - a potion of stabbing {unknown}
 t - a potion of invisibility {unknown}
Comestibles
 e - 2 rations
 o - 6 chunks of flesh


   Skills:
 + Level 5.1 Fighting
 * Level 5.6 Axes
 + Level 5.1 Armour
 + Level 5.1 Shields


You had 5 spell levels left.
You didn't know any spells.
Your spell library was empty.

Dungeon Overview and Level Annotations

Branches:
Dungeon (4/15)
 Temple: D:4-7

Altars:
Okawaru
Wu Jian
The Shining One


Innate Abilities, Weirdness & Mutations

You reflexively headbutt those who attack you in melee.
You have a pair of horns on your head.


Message History

The gnoll hits you from afar with a +0 halberd.
* * * LOW HITPOINT WARNING * * *
You block the gnoll shaman's attack.
You hit the gnoll shaman.
The gnoll shaman is almost dead.
The gnoll shaman completely misses you. You furiously retaliate!
You headbutt the gnoll shaman.
You kill the gnoll shaman!
The gnoll hits you but does no damage. The gnoll hits you with a +0 halberd!
* * * LOW HITPOINT WARNING * * *
Items here: ) [ †† a +0 whip; a cursed +0 robe; a gnoll corpse x2
You hit the gnoll.
The gnoll is moderately wounded.
You block the gnoll's attack.
You closely miss the gnoll.
The gnoll is lightly wounded.
The gnoll hits you with a +0 halberd.
You die...

##+#####.##
#..P...######.........#
....P.....##.........#
P. .........##..........
#..#........##..........
...#........##.....##...
............##.....##...
#...g.....##..........
#....@)...##..........
##....)...##..........
#........##..........
#.........#.......###
#..####...##'######## [
#..## ...##.###.....
#.######...#
..##...'.....
._.......#.##
..##.###.....
#.#.....##..# ###.#
#.....


You could see a gnoll.

Vanquished Creatures
  A scorpion (D:4)
  A gnoll shaman (D:4)
  2 hounds (D:4)
  An orc wizard (D:3)
  Natasha (D:3)
  2 worker ants (D:4)
  7 gnolls
  4 adders
  A worm (D:3)
  A dart slug (D:2)
  5 leopard geckos
  4 orcs (D:3)
  5 giant cockroaches
  2 goblins
  A hobgoblin (D:3)
  4 jackals
  5 kobolds
  A ball python (D:3)
  5 bats
  A frilled lizard (D:1)
  3 rats
57 creatures vanquished.

Notes
Turn   | Place    | Note
-------+----------+-------------------------------------------
     0 | D:1      | Flugslaktarn the Minotaur Fighter began the quest for the
                  | Orb.
     0 | D:1      | Reached XP level 1. HP: 19/19 MP: 0/0
   115 | D:1      | Reached XP level 2. HP: 27/27 MP: 1/1
   392 | D:2      | Found an iron altar of Okawaru.
   392 | D:2      | Found a glowing golden altar of the Shining One.
   465 | D:2      | Reached XP level 3. HP: 33/33 MP: 2/2
   877 | D:3      | Reached XP level 4. HP: 35/40 MP: 3/3
   896 | D:3      | Noticed Natasha
   902 | D:3      | Killed Natasha
  1351 | D:3      | Reached XP level 5. HP: 40/47 MP: 4/4
  1691 | D:4      | Reached skill level 5 in Axes
  1984 | D:4      | Reached XP level 6. HP: 55/55 MP: 5/5
  1989 | D:4      | Reached skill level 5 in Armour
  1998 | D:4      | Found an ornate altar of the Wu Jian Council.
  2016 | D:4      | Reached skill level 5 in Fighting
  2016 | D:4      | Reached skill level 5 in Shields
  2029 | D:4      | Slain by a gnoll

Levels and vault maps discovered:
D:1:      wander_arrival_chamber, layout_basic
D:2:      layout_basic, gammafunk_temple_overflow_wave,
          kennysheep_generic_room_7
D:3:      layout_loops_ring, dancing_weapons_uskayaw, uniq_natasha
D:4:      layout_basic, lemuel_crystal_altar, kiku_gazebo_garden_becter

Skill      XL: |  1  2  3  4  5  6 |
---------------+-------------------+-----
Axes           | 3 4 5 |  5.6
Fighting       | 4 5 |  5.1
Armour         | 4 5 |  5.1
Shields        | 4 5 |  5.1

Action                   |  1- 3 |  4- 6 || total
-------------------------+-------+-------++-------
Melee: War axe           |    58 |   102 ||   160
       Headbutt          |     7 |    15 ||    22
  Eat: Chunk             |       |     4 ||     4
Armor: Scale mail        |     4 |       ||     4
       Chain mail        |    32 |    47 ||    79
Dodge: Dodged            |    21 |    27 ||    48
Block: Kite shield       |    46 |    60 ||   106

Table legend:
 A = Non-vault XP
 B = Vault XP
 C = Vault XP percentage of total XP
 D = Non-vault monster count
 E = Vault monster count
 F = Vault count percentage of total count
                 A         B        C        D         E       F
            +---------+---------+-------+---------+---------+-------
      Total |     538 |      36 |   6.3 |      56 |       1 |   1.8
            +---------+---------+-------+---------+---------+-------
        D:1 |      26 |       0 |   0.0 |      15 |       0 |   0.0
        D:2 |      42 |       0 |   0.0 |       9 |       0 |   0.0
        D:3 |     156 |      36 |  18.8 |      21 |       1 |   4.5
        D:4 |     314 |       0 |   0.0 |      11 |       0 |   0.0
            +---------+---------+-------+---------+---------+-------
